 Dungeon Sprint DCSS version 0.21-a0-39-g28ea6b7 (webtiles) character file.

2200000 Denreik the Axe Maniac (level 15, -42/104 HPs)
             Began as a Centaur Warper on May 31, 2017.
             Was a Believer of Makhleb.
             Annihilated by a meat berserker
             ... wielding a +9 battleaxe
              (73 damage)
             ... in the Dungeon (Sprint VIII: "Arena of Blood").
             The game lasted 00:01:31 (22 turns).

Denreik the Axe Maniac (Centaur Warper)               Turns: 22, Time: 00:01:31

Health: -42/104    AC:  4    Str: 14    XL:     15   Next: 97%
Magic:  17/17      EV:  9    Int: 12    God:    Makhleb [**....]
Gold:   0          SH:  0    Dex: 15    Spells: 17/17 levels left

rFire    . . .     SeeInvis .   (no weapon)
rCold    . . .     Gourm    .   (no shield)
rNeg     . . .     Faith    .   b - +0 leather armour
rPois    .         Spirit   .   (no helmet)
rElec    .         Reflect  .   (no cloak)
rCorr    .         Harm     .   (no gloves)
MR       +....     NoTele   +   (no barding)
Stlth    ++++++++..             (no amulet)
Regen    0.3/turn               (no ring)
MPRegen  0.2/turn               (no ring)

@: very quick
A: hooves 3, deformed body, speed 2, tough skin 3
a: Minor Destruction, Renounce Religion


You were in the Dungeon.
You worshipped Makhleb.
Makhleb was pleased with you.
You were not hungry.

You visited 1 branch

Inventory:

Hand Weapons
 a - a +0 hand axe
 l - the +∞ Axe of Woe
   (You found it in the Dungeon)
Missiles
 e - 5 tomahawks of dispersal (quivered)
Armour
 b - a +0 leather armour (worn)
Scrolls
 d - 2 scrolls of blinking
Potions
 g - a potion of curing
 h - a potion of heal wounds
 i - a potion of haste
 j - 2 potions of magic
 k - a potion of berserk rage
Books
 c - a book of Spatial Translocations

   Spells                             Type                      Level
   a - Blink                          Translocation                2
   b - Shroud of Golubria             Charms/Translocation         2
   c - Lesser Beckoning               Translocation                3
   d - Gell's Gravitas                Translocation                3
   e - Teleport Other                 Translocation                3
   f - Passage of Golubria            Translocation                4
Comestibles
 f - a bread ration


   Skills:
 - Level 2.0 Fighting
 O Level 27 Axes
 - Level 1.1 Throwing
 - Level 0.6 Armour
 - Level 1.3 Dodging
 * Level 23.5 Stealth
 - Level 1.5 Spellcasting
   Level 2.6 Translocations


You had 17 spell levels left.
You didn't know any spells.

Dungeon Overview and Level Annotations

Branches:
Dungeon (1/1)

Altars:
Makhleb


Innate Abilities, Weirdness & Mutations

You have hooves in place of feet.
Armour fits poorly on your strangely shaped body.
You cover ground very quickly.
You have extremely tough skin. (AC +3)


Message History

Okay, then.
Really attack barehanded?
Okay, then.
A meat berserker comes into view. It is wielding a +9 battleaxe.
You hear a shout! x7
The bag of meat hits you with a +9 war axe!! 2 orcs come into view.
The bag of meat shouts!
You hear a shout! x10
There is a burning altar of Makhleb, spattered with blood here.
You see here the +∞ Axe of Woe.
l - the +∞ Axe of Woe You hear a shout!
The meat berserker hits you with a +9 battleaxe!!
* * * LOW HITPOINT WARNING * * *
You hear a shout! x4
The meat berserker rages.
You hear a shout! x3
The meat berserker hits you with a +9 battleaxe!!!!
Ouch! That really hurt!
You die...

..... .. #... .#
. #... ..#
..###... ..###.
......###......
....._......
#O....# .
#@O<._# .
....#oO...#....
........_..O....
.....oo###......
..###... ..###.
. #.oO ..# #...
.# ..... .. ....


You could see 5 meat berserkers and 4 bags of meat.

Vanquished Creatures
  3 ogres (D)
  2 orcs (D)
5 creatures vanquished.

Notes
Turn   | Place    | Note
-------+----------+-------------------------------------------
     0 | D        | Denreik the Centaur Warper began the quest for the Orb.
     0 | D        | Reached XP level 1. HP: 17/17 MP: 3/3
     3 | D        | Noticed a bag of meat
     3 | D        | Became a worshipper of Makhleb the Destroyer
     8 | D        | Noticed a bag of meat
     8 | D        | Noticed a meat berserker
     9 | D        | Killed a bag of meat
     9 | D        | Reached skill level 24 in Axes
     9 | D        | Reached XP level 2. HP: 24/24 MP: 4/4
     9 | D        | Reached XP level 3. HP: 29/29 MP: 5/5
     9 | D        | Reached XP level 4. HP: 36/36 MP: 6/6
     9 | D        | Reached XP level 5. HP: 41/41 MP: 7/7
     9 | D        | Reached XP level 6. HP: 48/48 MP: 8/8
     9 | D        | Reached XP level 7. HP: 55/55 MP: 9/9
     9 | D        | Reached XP level 8. HP: 61/61 MP: 10/10
     9 | D        | Reached XP level 9. HP: 67/67 MP: 11/11
     9 | D        | Reached XP level 10. HP: 73/73 MP: 12/12
     9 | D        | Reached XP level 11. HP: 79/79 MP: 13/13
    11 | D        | Noticed a meat berserker
    11 | D        | Killed a meat berserker
    11 | D        | Reached * piety under Makhleb
    11 | D        | Reached skill level 27 in Axes
    11 | D        | Reached XP level 12. HP: 85/85 MP: 14/14
    11 | D        | Reached XP level 13. HP: 91/91 MP: 15/15
    12 | D        | Noticed a meat berserker
    13 | D        | Noticed a bag of meat
    13 | D        | Killed a bag of meat
    13 | D        | Reached skill level 15 in Stealth
    13 | D        | Reached XP level 14. HP: 99/99 MP: 16/16
    14 | D        | Noticed a bag of meat
    15 | D        | Killed a meat berserker
    15 | D        | Reached XP level 15. HP: 104/104 MP: 17/17
    16 | D        | Killed a meat berserker
    16 | D        | Reached ** piety under Makhleb
    17 | D        | Noticed a meat berserker
    18 | D        | Noticed a meat berserker
    19 | D        | Noticed a meat berserker
    20 | D        | Noticed a meat berserker
    22 | D        | Annihilated by a meat berserker

Vault maps used:
D:        meatsprint

Skill      XL: |  1  2  3  4  5  6  7  8  9 10 11 12 13 14 15 |
---------------+----------------------------------------------+-----
Axes           | 24 27 | 27.0
Stealth        | 12 15 20 23 | 23.5
Fighting       | |  2.0
Throwing       | |  1.1
Armour         | |  0.6
Dodging        | |  1.3
Spellcasting   | |  1.5
Translocations | |  2.6

Action                   |  1- 3 |  4- 6 |  7- 9 | 10-12 | 13-15 || total
-------------------------+-------+-------+-------+-------+-------++-------
Melee: Executioner's axe |     1 |       |       |     1 |     3 ||     5
